 Dungeon Crawl Stone Soup version 0.18.1-48-g4cf74bf (webtiles) character file.

401 theElss the Conjurer (level 6, 0/42 HPs)
             Began as a High Elf Conjurer on Sept 8, 2016.
             Slain by an orc
             ... wielding a +0 short sword
              (2 damage)
             ... on level 4 of the Dungeon.
             The game lasted 00:13:57 (4417 turns).

theElss the Conjurer (High Elf Conjurer)            Turns: 4417, Time: 00:13:58

Health: 0/42       AC:  4    Str:  7    XL:     6   Next: 54%
Magic:  1/13       EV: 13    Int: 19    God:
Gold:   181        SH:  0    Dex: 16    Spells: 3 memorised, 7 levels left

rFire  . . .     SeeInvis .     m - +0 dagger
rCold  . . .     Gourm    .     a - +0 robe
rNeg   . . .     Faith    .     (no shield)
rPois  .         Spirit   .     (no helmet)
rElec  .         Dismiss  .     y - +0 cloak
rCorr  .         Reflect  .     o - +0 pair of gloves
SustAt .         Harm     .     (no boots)
MR     .....                    (no amulet)
Stlth  ++........               (no ring)
                                t - -2 ring of intelligence (curse)

@: hasted, very quick, not resistant to hostile enchantments, unstealthy
A: no striking features
a: no special abilities


You were on level 4 of the Dungeon.
You were hungry.

You visited 1 branch of the dungeon, and saw 4 of its levels.

You collected 181 gold pieces.

Inventory:

Hand Weapons
 m - a +0 dagger (weapon)
Armour
 a - a +0 robe (worn)
 o - a +0 pair of gloves (worn)
 y - a +0 cloak (worn)
Jewellery
 t - a cursed -2 ring of intelligence (left hand)
Scrolls
 e - a scroll of blinking {unknown}
 g - a scroll of enchant weapon {unknown}
 i - a scroll of remove curse {unknown}
 k - 2 scrolls of recharging
 s - a scroll of magic mapping {unknown}
 w - a scroll of random uselessness {unknown}
Potions
 h - a potion of degeneration
 p - a potion of mutation {unknown}
 q - 3 potions of curing
 u - a potion of brilliance {unknown}
 v - a potion of flight {unknown}
 z - a potion of might {unknown}
 A - a potion of haste
Books
 b - a book of Conjurations

   Spells                             Type                      Level
   a - Magic Dart                     Conjuration                  1
   b - Searing Ray                    Conjuration                  2
   c - Dazzling Spray                 Conjuration/Hexes            3
   d - Fulminant Prism                Conjuration/Hexes            4
   e - Iskenderun's Mystic Blast      Conjuration                  4
   f - Iskenderun's Battlesphere      Conjuration/Charms           5
 x - a book of Burglary

   Spells                             Type                      Level
   a - Swiftness                      Charms/Air                   2
   b - Passwall                       Transmutation/Earth          2
   c - Passage of Golubria            Translocation                4
   d - Lee's Rapid Deconstruction     Earth                        5
   e - Darkness                       Hexes                        6
   f - Invisibility                   Hexes                        6
Comestibles
 c - 4 bread rations
 d - 2 slices of pizza
 j - 3 meat rations
 l - 2 beef jerkies
 n - 4 fruits
 r - a royal jelly


   Skills:
 * Level 3.1 Fighting
 + Level 3.1 Dodging
 - Level 2.1 Stealth
 + Level 4.6 Spellcasting
 + Level 6.2 Conjurations


You had 7 spell levels left.
You knew the following spells:

 Your Spells              Type           Power        Failure   Level  Hunger
a - Magic Dart            Conj           ####         1%          1    None
c - Searing Ray           Conj           ####..       1%          2    #......
d - Iskenderun's Mystic   Conj           ####....     12%         4    ####...


Dungeon Overview and Level Annotations

Branches:
Dungeon (4/15)
 Temple: D:4-7

Altars:

Annotations:
D:4 Britaniac's ghost, amateur GrFE


Message History

The orc wizard misses you. The orc hits you with a short sword.
Casting: Searing Ray
Confirm with . or Enter, or press ? or * to list all spells.
Aiming: Magic Dart
Press: ? - help, Shift-Dir - straight line, f/p - orc wizard
Aim: an orc wizard, wielding a whip and wearing a robe (fast)
The magic dart hits the orc wizard.
The orc wizard is moderately wounded.
You are feeling hungry.
The orc wizard closely misses you. The orc hits you with a club.
* * * LOW HITPOINT WARNING * * *
The orc hits you but does no damage.
The orc wizard hits you but does no damage.
Drink which item? (? for menu, Esc to quit)
You feel yourself speed up. The orc hits you with a club.
* * * LOW HITPOINT WARNING * * *
The orc wizard hits you with a whip.
* * * LOW HITPOINT WARNING * * *
The orc hits you with a short sword.
You die...

(...........##############'######
#######..........................
.#....#..........................
.'....#........(.................
.#....#..........................
.##...#....[...#########....#####
.######....#####..#....#....# .#
#....#...#oo'....'....# ##
#....#...#@o#....#....#
.######....##.########'#....#
.##...#.....#.###.....o.#'###
......'.....#...#.......#...#
......#.....#...'..o....#...#
#######.....#####..>....#..##
.#................##########
.#..............).#
.#................#


You could see an orc wizard and 2 orcs.

Vanquished Creatures
  A hound (D:4)
  An orc priest (D:4)
  Crazy Yiuf (D:4)
  A giant frog skeleton (D:4)
  An iguana (D:4)
  Natasha (twice) (D:3)
  An orc wizard (D:4)
  2 worker ants (D:4)
  A howler monkey skeleton (D:4)
  6 adders
  2 oozes
  An adder skeleton (D:4)
  2 worms
  4 dart slugs
  A giant gecko (D:4)
  2 orcs
  3 bats
  3 giant cockroaches
  6 goblins (D:1)
  9 hobgoblins
  2 giant newts
  4 kobolds
  10 rats
66 creatures vanquished.

Notes
Turn   | Place    | Note
--------------------------------------------------------------
     0 | D:1      | theElss the High Elf Conjurer began the quest for the Orb.
     0 | D:1      | Reached XP level 1. HP: 11/11 MP: 4/4
   276 | D:1      | Reached skill level 1 in Fighting
   276 | D:1      | Reached XP level 2. HP: 18/18 MP: 0/6
   789 | D:1      | Learned a level 2 spell: Searing Ray
   880 | D:1      | Reached XP level 3. HP: 12/23 MP: 0/8
  1150 | D:2      | Reached skill level 5 in Conjurations
  1765 | D:2      | Reached XP level 4. HP: 29/29 MP: 2/9
  2178 | D:2      | Learned a level 4 spell: Iskenderun's Mystic Blast
  2472 | D:3      | Noticed Natasha
  2479 | D:3      | Killed Natasha
  2701 | D:3      | Noticed Natasha
  2704 | D:3      | Killed Natasha
  2704 | D:3      | Reached XP level 5. HP: 34/34 MP: 6/11
  3130 | D:4      | Noticed Britaniac's ghost (amateur GrFE)
  3793 | D:4      | Reached skill level 6 in Conjurations
  3842 | D:4      | Reached XP level 6. HP: 41/41 MP: 6/13
  4180 | D:4      | Noticed Crazy Yiuf
  4186 | D:4      | Killed Crazy Yiuf
  4417 | D:4      | HP: 2/42 [orc wizard/whip (1)]
  4417 | D:4      | Slain by an orc

Skill      XL: |  1  2  3  4  5  6 |
---------------+-------------------+-----
Fighting       | 1 2 3 |  3.1
Conjurations   | 5 6 |  6.2
Spellcasting   | 3 4 |  4.6
Dodging        | 3 |  3.1
Stealth        | |  2.1

Action                   |  1- 3 |  4- 6 || total
-------------------------+-------+-------++-------
Melee: Unarmed           |     5 |       ||     5
       Dagger            |     3 |    13 ||    16
 Cast: Magic Dart        |    74 |    72 ||   146
       Searing Ray       |     2 |    11 ||    13
       Iskenderun's Myst |       |     3 ||     3
  Use: Scroll            |       |     4 ||     4
       Potion            |       |     2 ||     2
  Eat: Chunk             |     3 |     8 ||    11
Armor: Robe              |     1 |     7 ||     8
Dodge: Dodged            |    15 |    36 ||    51
